 Dungeon Crawl Stone Soup version 0.24-a0-291-g79c1ce7 (webtiles) character file.

Game seed: 629658298305984560

2650 galech the Chopper (level 9, -1/68 HPs)
             Began as a Demonspawn Fighter on May 9, 2019.
             Slain by an orc priest
             ... wielding a +0 trident
              (5 damage)
             ... on level 7 of the Dungeon.
             The game lasted 00:08:24 (7383 turns).

galech the Chopper (Demonspawn Fighter)             Turns: 7383, Time: 00:08:25

Health: -1/68      AC: 15    Str: 22    XL:     9   Next: 36%
Magic:  0/9        EV: 12    Int:  9    God:
Gold:   294        SH: 11    Dex: 21    Spells: 8/8 levels left

rFire    . . .     SeeInvis .   a - +0 war axe
rCold    + . .     Gourm    .   c - +0 shield
rNeg     . . .     Faith    .   d - +0 plate armour
rPois    .         Spirit   +   l - +0 helmet
rElec    .         Reflect  .   p - +0 cloak
rCorr    .         Harm     .   (no gloves)
MR       .....                  (no boots)
Stlth    ..........             (no amulet)
HPRegen  0.21/turn              u - ring of protection from cold (curse)
MPRegen  0.22/turn              (no ring)

@: mighty, agile
A: claws 2, powered by pain 1, magic shield, magic regeneration, sturdy frame 1
a: no special abilities


You were on level 7 of the Dungeon.
You were hungry.

You visited 2 branches of the dungeon, and saw 8 of its levels.

You collected 294 gold pieces.

Inventory:

Hand Weapons
 a - a +0 war axe (weapon)
 A - a +1 whip of flaming
Armour
 c - a +0 shield (worn)
 d - a +0 plate armour (worn)
 l - a +0 helmet (worn)
 o - a +2 leather armour of fire resistance
 p - a +0 cloak (worn)
Jewellery
 u - a cursed ring of protection from cold (left claw)
Wands
 b - a wand of enslavement (8)
 t - a wand of paralysis (8)
 E - a wand of random effects (15)
Scrolls
 e - 4 scrolls of fear {unknown}
 h - 4 scrolls of identify {unknown}
 i - 3 scrolls of immolation {unknown}
 k - 3 scrolls of remove curse {unknown}
 n - a scroll of enchant weapon {unknown}
 s - 3 scrolls of enchant armour {unknown}
 v - 3 scrolls of teleportation {unknown}
 w - 2 scrolls of noise {unknown}
 x - a scroll of magic mapping {unknown}
 y - 2 scrolls of amnesia {unknown}
 D - a scroll of fog {unknown}
Potions
 g - a potion of magic {unknown}
 j - 2 potions of heal wounds
 m - a potion of agility {unknown}
 q - a potion of ambrosia {unknown}
 r - 2 potions of brilliance {unknown}
 z - a potion of resistance {unknown}
 B - a potion of degeneration {unknown}
Comestibles
 f - 11 rations


   Skills:
 + Level 5.5 Fighting
 + Level 7.7 Axes
 + Level 5.8 Armour
 + Level 2.8 Dodging
 + Level 0.4 Stealth
 + Level 5.7 Shields


You had 8 spell levels left.
You didn't know any spells.
Your spell library was empty.

Dungeon Overview and Level Annotations

Branches:
Dungeon (7/15)             Temple (1/1) D:6

Altars:
Ashenzari
Cheibriados
Dithmenos
Elyvilon
Fedhas
Gozag
Hepliaklqana
Kikubaaqudgha
Makhleb
Nemelex Xobeh
Qazlal
Ru
Sif Muna
Trog
Uskayaw
Vehumet
Wu Jian
Xom
Zin
The Shining One

Shops:
D:6 *


Innate Abilities, Weirdness & Mutations

You have very sharp fingernails.
You sometimes gain a little power by taking damage.
When hurt, damage is shared between your health and your magic reserves.
You regenerate magic rapidly.
Your movements are slightly less encumbered by armour. (ER -2)


Message History

You slash the orc!
You kill the orc!
Your plate armour prevents you from hitting the orc warrior.
The orc warrior hits you with a +0 glaive!
* * * LOW HITPOINT WARNING * * *
You focus on the pain.
You feel mightier all of a sudden. You block the orc priest's attack.
You see here a +0 flail.
You hit the orc warrior.
The orc warrior is severely wounded.
You completely miss the orc priest.
The orc priest hits you but does no damage.
The orc warrior hits you with a +0 glaive!
* * * LOW HITPOINT WARNING * * *
You slice the orc warrior!!
You kill the orc warrior!
You slash the orc priest! You block the orc priest's attack.
The orc priest hits you with a +0 trident.
You die...

#########......# ##
.............#.# ....
.########..###.###..###
.# #...........>.. .#
#.#.#.......... .#
#.#.#.####..##. .#
#......### .#
.########..#..)))# #
........##.....#@#
#######.###.#.##o# #.#
#.#....% ######.#
#.#..#... #......#
#......... #.###### #.
###### #.# #. #.# #.# #
#.# #.# #.#


You could see an orc priest.

Vanquished Creatures
  Pikel (D:4)
  Prince Ribbit (D:5)
  Eustachio (D:4)
  Menkaure (D:4)
  A water moccasin (D:7)
  Duvessa (D:4)
  A sky beast (D:5)
  2 orc warriors
  An ice beast (D:5)
  A phantom (D:2)
  2 necrophages
  A centaur (D:6)
  Dowan (D:4)
  2 scorpions
  3 crimson imps (D:6)
  2 orc priests
  A bullfrog skeleton (D:6)
  A hound (D:5)
  Crazy Yiuf (D:6)
  An orc wizard (D:7)
  3 iguanas
  Natasha (thrice) (D:3)
  2 worker ants (D:5)
  A worker ant zombie (D:6)
  Robin (D:1)
  A gnoll (D:1)
  6 adders
  An ooze (D:6)
  2 worms
  2 leopard geckos
  11 orcs
  A ball python (D:5)
  3 giant cockroaches
  20 goblins
  10 hobgoblins
  14 jackals
  7 kobolds
  2 quokkas
  4 bats
  4 frilled lizards
  A rat (D:3)
125 creatures vanquished.

Notes
Turn   | Place    | Note
-------+----------+-------------------------------------------
     0 | D:1      | galech the Demonspawn Fighter began the quest for the Orb.
     0 | D:1      | Reached XP level 1. HP: 18/18 MP: 1/1
    49 | D:1      | Gained mutation: You have sharp fingernails. [demonic
                  | ancestry]
    49 | D:1      | Reached XP level 2. HP: 21/24 MP: 2/2
   306 | D:1      | Reached skill level 2 in Axes
   653 | D:2      | Gained mutation: You sometimes gain a little power by
                  | taking damage. [demonic ancestry]
   653 | D:2      | Reached XP level 3. HP: 28/29 MP: 3/3
   711 | D:2      | Found a hazy altar of Hepliaklqana.
  1115 | D:2      | Noticed a phantom
  1120 | D:2      | Noticed Robin
  1556 | D:1      | Killed Robin
  1556 | D:1      | Reached XP level 4. HP: 25/35 MP: 4/4
  1938 | D:2      | Killed a phantom
  1938 | D:2      | Reached skill level 3 in Axes
  1938 | D:2      | Reached skill level 1 in Dodging
  1938 | D:2      | Gained mutation: When hurt, damage is shared between your
                  | health and your magic reserves. [demonic ancestry]
  1938 | D:2      | Reached XP level 5. HP: 21/42 MP: 5/5
  2616 | D:3      | Found a hide-covered altar of Uskayaw.
  2627 | D:3      | Noticed a necrophage
  2636 | D:3      | Killed a necrophage
  2636 | D:3      | Gained mutation: You have very sharp fingernails. [demonic
                  | ancestry]
  2636 | D:3      | Reached XP level 6. HP: 39/48 MP: 4/6
  2694 | D:3      | Found a burning altar of Makhleb.
  2711 | D:3      | Noticed a cacodemon
  2714 | D:3      | Noticed an orange demon
  2714 | D:3      | Noticed an orange demon
  2820 | D:3      | Found a glowing silver altar of Zin.
  2820 | D:3      | Found a snail-covered altar of Cheibriados.
  2821 | D:3      | Found a deep blue altar of Sif Muna.
  2923 | D:3      | Noticed Natasha
  2936 | D:3      | Killed Natasha
  3361 | D:3      | Noticed Natasha
  3366 | D:3      | Killed Natasha
  3486 | D:3      | Noticed Natasha
  3494 | D:3      | Killed Natasha
  3494 | D:3      | Reached skill level 4 in Axes
  3538 | D:4      | Noticed Menkaure
  3543 | D:5      | Entered Level 5 of the Dungeon
  3780 | D:5      | Found an ornate altar of the Wu Jian Council.
  3789 | D:5      | Found a radiant altar of Vehumet.
  3828 | D:5      | Found a stormy altar of Qazlal.
  3889 | D:5      | Noticed Prince Ribbit
  3911 | D:6      | Found a sparkling altar of Nemelex Xobeh.
  4280 | D:6      | Reached XP level 7. HP: 44/54 MP: 5/7
  4340 | D:6      | Found a staircase to the Ecumenical Temple.
  4366 | Temple   | Entered the Ecumenical Temple
  4685 | D:6      | Reached skill level 5 in Axes
  4768 | D:6      | Found Ethronent's General Store.
  4834 | D:6      | Found a white marble altar of Elyvilon.
  5001 | D:6      | Found a shattered altar of Ashenzari.
  5154 | D:6      | Found a runed translucent door.
  5155 | D:6      | Noticed Crazy Yiuf
  5177 | D:6      | Killed Crazy Yiuf
  5488 | D:4      | Killed Menkaure
  5488 | D:4      | Gained mutation: Your movements are slightly less
                  | encumbered by armour. (ER -2) [demonic ancestry]
  5488 | D:4      | Reached XP level 8. HP: 46/60 MP: 5/8
  5534 | D:4      | Noticed Dowan
  5571 | D:4      | Killed Dowan
  5571 | D:4      | Reached skill level 6 in Axes
  5576 | D:4      | Noticed Eustachio
  5599 | D:4      | Killed Eustachio
  5867 | D:4      | Noticed Duvessa
  5902 | D:4      | Killed Duvessa
  6113 | D:4      | Noticed Pikel
  6138 | D:4      | Killed Pikel
  6138 | D:4      | Reached skill level 5 in Fighting
  6138 | D:4      | Reached skill level 5 in Armour
  6138 | D:4      | Reached skill level 5 in Shields
  6378 | D:5      | Reached skill level 7 in Axes
  6390 | D:5      | Gained mutation: You regenerate magic rapidly. [demonic
                  | ancestry]
  6390 | D:5      | Reached XP level 9. HP: 54/67 MP: 7/9
  6559 | D:5      | Found a shimmering altar of Xom.
  6746 | D:5      | Killed Prince Ribbit
  7383 | D:7      | Slain by an orc priest

Levels and vault maps discovered:
D:1:      kennysheep_arrival_seaside, layout_rooms
D:2:      layout_loops_cross, overflow_temple_1_default,
          kennysheep_generic_room_11, uniq_robin
D:3:      layout_basic, lemuel_crystal_altar, nicolae_overflow_hidden_temple,
          minivault_23, makhleb_altar_promises_db, uniq_natasha
D:4:      layout_loops_ring, grunt_decor_cap, uniq_pikel, uniq_eustachio,
          uniq_duvessa, uniq_menkaure
D:5:      layout_loops_ring, overflow_temple_1_default, grunt_qazlal_sundering,
          xom_teletrap_fun, vehumet_crystals, first_ration, uniq_prince_ribbit1
D:6:      wander_river, layout_loops_corners, marbit_many_paths,
          elyvilon_altar_5, minmay_temple_entry_stoned_glass, basic_altar,
          serial_shops, shop, uniq_crazy_yiuf_cottage
D:7:      layout_loops_ring, lemuel_mausoleum_altar_yredelemnul
Temple:   nicolae_temple_figure_zero

Skill      XL: |  1  2  3  4  5  6  7  8 |
---------------+-------------------------+-----
Armour         | 3 4 5 |  5.8
Axes           | 2 3 4 5 7 |  7.7
Shields        | 3 4 5 |  5.7
Dodging        | 1 2 |  2.8
Fighting       | 4 5 |  5.5
Stealth        | |  0.4

Action                   |  1- 3 |  4- 6 |  7- 9 || total
-------------------------+-------+-------+-------++-------
Melee: War axe           |   127 |   205 |   319 ||   651
  Use: Potion            |       |       |     3 ||     3
  Eat: Chunk             |     2 |     9 |     7 ||    18
       Ration            |       |       |     1 ||     1
Armor: Scale mail        |    78 |   118 |     9 ||   205
       Plate armour      |       |       |   200 ||   200
Dodge: Dodged            |    54 |    66 |    73 ||   193
Block: Shield            |    81 |   110 |   179 ||   370

Table legend:
 A = Non-vault XP
 B = Vault XP
 C = Vault XP percentage of total XP
 D = Non-vault monster count
 E = Vault monster count
 F = Vault count percentage of total count
                 A         B        C        D         E       F
            +---------+---------+-------+---------+---------+-------
      Total |    2143 |    1644 |  43.4 |     103 |      22 |  17.6
            +---------+---------+-------+---------+---------+-------
        D:1 |      29 |      25 |  46.3 |      10 |       6 |  37.5
        D:2 |     202 |      15 |   6.9 |      28 |       8 |  22.2
        D:3 |     303 |      35 |  10.4 |      24 |       1 |   4.0
        D:4 |       0 |    1253 | 100.0 |       0 |       5 | 100.0
        D:5 |     538 |     277 |  34.0 |      19 |       1 |   5.0
        D:6 |     690 |      39 |   5.3 |      15 |       1 |   6.2
        D:7 |     381 |       0 |   0.0 |       7 |       0 |   0.0
            +---------+---------+-------+---------+---------+-------
